[ AOE2 MATCH · #495211130 ]
UnrankedMongols vs Tupi
Player's team · WIN
Rival team · LOSS
[ REPLAY ANALYSIS · EXTRACTED FROM THE RECORDED GAME ]
Feudal
8:51
Castle
—
Imperial
—
| APM avg | 63.5 |
| APM peak | 80 |
| eAPM avg | 33.0 |
| Villagers / military | 56 / 20 |
Focus
⚔️ 43.5% · 🌾 56.5%
Archer ×17 · Militia ×3
Feudal
10:39
Castle
—
Imperial
—
| APM avg | 39.0 |
| APM peak | 69 |
| eAPM avg | 24.0 |
| Villagers / military | 42 / 0 |
Focus
⚔️ 45.7% · 🌾 54.3%
Unknown (2550) ×4
Match map
Initial resources + every placement click. Lines = walls · curves = elevation contours. ◆ gold · ⬟ stone · ● berries · ✦ relic · ◌ wall gap
Your base· Open — unwalled flank
gupo57's base· Open — unwalled flank
Smoothed initial terrain · ◌ = detected wall gap · hover for details
Inputs per minute
— Pela - - gupo57
Build order — Pela
116 actions detected in the replay
| 0:01 | Queue | Villager (Male) |
| 0:01 | Queue | Villager (Male) |
| 0:02 | Build | House |
| 0:03 | Build | House |
| 0:04 | Queue | Villager (Male) |
| 0:05 | Queue | Villager (Male) |
| 1:26 | Queue | Villager (Male) |
| 1:26 | Queue | Villager (Male) |
| 1:58 | Queue | Villager (Male) |
| 2:14 | Build | Lumber Camp |
| 2:14 | Queue | Villager (Male) |
| 2:15 | Queue | Villager (Male) |
| 2:44 | Queue | Villager (Male) |
| 2:44 | Queue | Villager (Male) |
| 3:02 | Queue | Villager (Male) |
| 3:24 | Queue | Villager (Male) |
| 3:24 | Queue | Villager (Male) |
| 3:33 | Queue | Villager (Male) |
| 3:33 | Queue | Villager (Male) |
| 3:45 | Queue | Villager (Male) |
| 3:50 | Build | House |
| 4:24 | Queue | Villager (Male) |
| 4:29 | Queue | Villager (Male) |
| 4:29 | Queue | Villager (Male) |
| 4:29 | Queue | Villager (Male) |
| 4:29 | Queue | Villager (Male) |
| 5:31 | Build | Barracks |
| 5:34 | Queue | Villager (Male) |
| 5:35 | Queue | Villager (Male) |
| 5:35 | Queue | Villager (Male) |
| 6:15 | Research | Loom |
| 6:25 | Build | House |
| 6:35 | Research | Feudal Age |
| 6:35 | Research | Feudal Age |
| 6:46 | Queue | Militia |
| 6:47 | Queue | Militia |
| 7:05 | Build | Mining Camp |
| 7:31 | Queue | Villager (Male) |
| 7:38 | Queue | Militia |
| 8:07 | Build | House |
| 8:19 | Build | Mill |
| 8:39 | Queue | Villager (Male) |
| 8:51 | Age | Feudal Age |
| 8:59 | Research | Man-at-Arms (upgrade) |
| 8:59 | Research | Man-at-Arms (upgrade) |
| 8:59 | Research | Double-Bit Axe |
| 8:59 | Research | Double-Bit Axe |
| 9:05 | Build | Archery Range |
| 9:45 | Queue | Villager (Male) |
| 9:46 | Queue | Archer |
| 9:48 | Build | House |
| 9:48 | Queue | Villager (Male) |
| 9:49 | Queue | Villager (Male) |
| 10:01 | Build | House |
| 10:29 | Queue | Villager (Male) |
| 10:32 | Queue | Archer |
| 10:32 | Queue | Archer |
| 10:35 | Queue | Villager (Male) |
| 10:37 | Build | Blacksmith |
| 11:01 | Queue | Archer |
| 11:02 | Queue | Villager (Male) |
| 11:04 | Build | Farm |
| 11:17 | Queue | Villager (Male) |
| 11:28 | Build | Farm |
| 11:38 | Queue | Archer |
| 12:03 | Queue | Villager (Male) |
| 12:04 | Build | Farm |
| 12:05 | Build | Farm |
| 12:05 | Queue | Villager (Male) |
| 12:05 | Queue | Villager (Male) |
| 12:26 | Queue | Archer |
| 12:32 | Build | Lumber Camp |
| 12:41 | Queue | Archer |
| 12:43 | Queue | Villager (Male) |
| 13:09 | Queue | Archer |
| 13:11 | Queue | Villager (Male) |
| 13:12 | Queue | Villager (Male) |
| 13:18 | Build | Watch Tower |
| 13:26 | Queue | Villager (Male) |
| 13:26 | Queue | Villager (Male) |
| 13:44 | Queue | Archer |
| 13:44 | Queue | Villager (Male) |
| 13:44 | Queue | Villager (Male) |
| 13:46 | Build | House |
| 13:47 | Build | House |
| 13:56 | Research | Fletching |
| 14:04 | Queue | Villager (Male) |
| 14:18 | Build | Farm |
| 14:18 | Queue | Villager (Male) |
| 14:18 | Queue | Villager (Male) |
| 14:26 | Build | Blacksmith |
| 14:30 | Build | Archery Range |
| 14:34 | Queue | Archer |
| 14:59 | Queue | Villager (Male) |
| 15:08 | Queue | Villager (Male) |
| 15:09 | Queue | Villager (Male) |
| 15:21 | Queue | Archer |
| 15:29 | Build | Farm |
| 15:47 | Queue | Villager (Male) |
| 15:54 | Queue | Archer |
| 16:14 | Queue | Villager (Male) |
| 16:15 | Queue | Villager (Male) |
| 16:39 | Queue | Villager (Male) |
| 16:40 | Queue | Villager (Male) |
| 16:42 | Queue | Archer |
| 16:48 | Build | Farm |
| 16:49 | Build | Farm |
| 16:51 | Build | Farm |
| 16:58 | Queue | Archer |
| 17:01 | Build | House |
| 17:01 | Build | Palisade Wall |
| 17:13 | Queue | Archer |
| 17:15 | Queue | Villager (Male) |
| 17:18 | Build | Farm |
| 17:21 | Queue | Archer |
| 17:21 | Queue | Archer |
Build order — gupo57
85 actions detected in the replay
| 0:00 | Queue | Villager (Male) |
| 0:00 | Queue | Villager (Male) |
| 0:02 | Build | House |
| 0:03 | Build | House |
| 0:26 | Queue | Villager (Male) |
| 0:26 | Queue | Villager (Male) |
| 1:09 | Queue | Villager (Male) |
| 1:35 | Build | House |
| 1:43 | Queue | Villager (Male) |
| 1:46 | Build | House |
| 2:25 | Queue | Villager (Male) |
| 2:25 | Queue | Villager (Male) |
| 2:42 | Queue | Villager (Male) |
| 3:09 | Queue | Villager (Male) |
| 3:09 | Queue | Villager (Male) |
| 3:30 | Build | Settlement |
| 3:39 | Queue | Villager (Male) |
| 3:39 | Queue | Villager (Male) |
| 3:50 | Queue | Villager (Male) |
| 3:54 | Build | House |
| 4:07 | Queue | Villager (Male) |
| 4:07 | Queue | Villager (Male) |
| 4:48 | Queue | Villager (Male) |
| 4:48 | Queue | Villager (Male) |
| 4:49 | Queue | Villager (Male) |
| 5:36 | Queue | Villager (Male) |
| 5:41 | Queue | Villager (Male) |
| 5:42 | Queue | Villager (Male) |
| 5:45 | Build | House |
| 5:56 | Build | Barracks |
| 6:05 | Queue | Villager (Male) |
| 6:11 | Queue | Villager (Male) |
| 7:02 | Research | Loom |
| 7:08 | Queue | Unit 2550 |
| 7:09 | Queue | Unit 2550 |
| 7:35 | Build | Settlement |
| 8:12 | Build | Settlement |
| 8:29 | Research | Feudal Age |
| 8:53 | Queue | Unit 2550 |
| 9:03 | Build | Palisade Wall |
| 9:05 | Build | Palisade Wall |
| 9:07 | Build | Palisade Wall |
| 9:08 | Build | Palisade Wall |
| 9:09 | Build | Palisade Wall |
| 9:20 | Build | Palisade Wall |
| 9:30 | Build | Palisade Wall |
| 9:33 | Build | Palisade Wall |
| 9:36 | Build | Palisade Wall |
| 9:37 | Build | Palisade Wall |
| 9:42 | Queue | Unit 2550 |
| 10:30 | Build | Farm |
| 10:36 | Queue | Villager (Male) |
| 10:39 | Age | Feudal Age |
| 10:46 | Research | Tech 1402 |
| 10:57 | Build | Watch Tower |
| 11:00 | Build | Watch Tower |
| 11:02 | Queue | Villager (Male) |
| 11:02 | Queue | Villager (Male) |
| 11:06 | Build | Stone Wall |
| 11:07 | Build | Stone Wall |
| 11:34 | Queue | Villager (Male) |
| 11:56 | Queue | Villager (Male) |
| 11:56 | Queue | Villager (Male) |
| 12:04 | Build | Watch Tower |
| 12:37 | Build | Watch Tower |
| 12:58 | Queue | Villager (Male) |
| 12:59 | Queue | Villager (Male) |
| 13:16 | Build | Farm |
| 13:37 | Build | Farm |
| 13:48 | Build | Farm |
| 14:08 | Build | Farm |
| 14:16 | Queue | Villager (Male) |
| 14:16 | Queue | Villager (Male) |
| 14:18 | Queue | Villager (Male) |
| 14:44 | Queue | Villager (Male) |
| 14:44 | Queue | Villager (Male) |
| 14:58 | Build | Stone Wall |
| 15:00 | Build | Stone Wall |
| 15:01 | Build | Stone Wall |
| 15:02 | Build | Stone Wall |
| 15:12 | Build | Stone Wall |
| 15:16 | Build | Stone Wall |
| 16:08 | Queue | Villager (Male) ×5 |
| 16:09 | Research | Double-Bit Axe |
| 17:02 | Build | Settlement |
Match timeline
| 5:31 | Pela · first_building Barracks |
| 5:56 | gupo57 · first_building Barracks |
| 8:51 | Pela · age_up feudal |
| 9:03 | gupo57 · wall_segment Palisade Wall x2 |
| 9:05 | gupo57 · wall_segment Palisade Wall x2 |
| 9:05 | Pela · first_building Archery Range |
| 9:07 | gupo57 · wall_segment Palisade Wall x1 |
| 9:08 | gupo57 · wall_segment Palisade Wall x1 |
| 9:09 | gupo57 · wall_segment Palisade Wall x1 |
| 9:20 | gupo57 · wall_segment Palisade Wall x5 |
| 9:30 | gupo57 · wall_segment Palisade Wall x1 |
| 9:33 | gupo57 · wall_segment Palisade Wall x1 |
| 9:36 | gupo57 · wall_segment Palisade Wall x1 |
| 9:37 | gupo57 · wall_segment Palisade Wall x1 |
| 10:39 | gupo57 · age_up feudal |
| 11:06 | gupo57 · wall_segment Stone Wall x1 |
| 11:07 | gupo57 · wall_segment Stone Wall x1 |
| 14:58 | gupo57 · wall_segment Stone Wall x1 |
| 15:00 | gupo57 · wall_segment Stone Wall x1 |
| 15:01 | gupo57 · wall_segment Stone Wall x1 |
| 15:02 | gupo57 · wall_segment Stone Wall x1 |
| 15:12 | gupo57 · wall_segment Stone Wall x1 |
| 15:16 | gupo57 · wall_segment Stone Wall x1 |
| 17:01 | Pela · wall_segment Palisade Wall x2 |
| 17:24 | gupo57 · resign |
[ AI ANALYSIS · 1 CREDIT ]
What really happened in this match?
Wolo.gg analyzes every decision: build order, eco, micro, common mistakes by bracket. Personalized analysis on WhatsApp or Discord in 30 seconds.
Civ guide
Mongols
Perfil
Jugador #219739